 Dungeon Crawl Stone Soup version 0.22-a0-833-g8522bf8125 (webtiles) character file.

31 Holzbalken the Digger (level 3, 0/19 HPs)
             Began as a Gargoyle Earth Elementalist on July 24, 2018.
             Fell down a flight of stairs (1 damage)
             ... on level 4 of the Dungeon on July 25, 2018.
             The game lasted 00:07:05 (1122 turns).

Holzbalken the Digger (Gargoyle Earth Elementalist) Turns: 1122, Time: 00:07:05

Health: 0/19       AC:  6    Str: 11    XL:     3   Next: 22%
Magic:  7/7        EV: 11    Int: 16    God:
Gold:   90         SH:  0    Dex: 10    Spells: 6/7 levels left

rFire    . . .     SeeInvis .   g - -2 dagger
rCold    . . .     Gourm    .   (no shield)
rNeg     + . .     Faith    .   m - +0 leather armour
rPois    ∞         Spirit   .   (no helmet)
rElec    +         Reflect  .   (no cloak)
rCorr    .         Harm     .   (no gloves)
MR       .....                  (no boots)
Stlth    +.........             (no amulet)
HPRegen  0.06/turn              (no ring)
MPRegen  0.10/turn              (no ring)

@: confused
A: negative energy resistance 1, electricity resistance, unbreathing,
petrification resistance, rot immunity, AC +3
a: no special abilities


You were on level 4 of the Dungeon.
You were not hungry.

You visited 1 branch of the dungeon, and saw 4 of its levels.

You collected 90 gold pieces.

Inventory:

Hand Weapons
 g - a -2 dagger (weapon)
Missiles
 b - 67 stones (quivered)
Armour
 c - a +0 robe
 m - a +0 leather armour (worn)
Scrolls
 l - a scroll of identify
 o - a scroll of enchant weapon
Potions
 h - a potion of might
 p - a potion of mutation {unknown}
Comestibles
 d - a ration
 n - a chunk of flesh


   Skills:
 - Level 1.5 Dodging
 - Level 2.1 Stealth
 * Level 2.7 Spellcasting
   Level 0.7 Transmutations
 * Level 4.4 Earth Magic


You had 6 spell levels left.
You knew the following spells:

 Your Spells              Type           Power        Failure   Level  Hunger
a - Sandblast             Erth           ###...       4%          1    #......

Your spell library contained the following spells:

 Spells                   Type           Power        Failure   Level  Hunger
 Stone Arrow              Conj/Erth      #.....       30%         3    ###....
 Passwall                 Tmut/Erth      ##......     13%         2    ##.....
 Lee's Rapid Deconstruct  Erth           ###.......   75%         5    ######.
 Petrify                  Tmut/Erth      ##......     65%         4    #####..


Dungeon Overview and Level Annotations

Branches:
Dungeon (4/15)             Temple (0/1) D:4

Altars:


Innate Abilities, Weirdness & Mutations

You are resistant to torment.
Your stone body is resilient. (AC +3)
You are immune to poison.
You resist negative energy. (rN+)
You are resistant to electric shocks. (rElec)
You can survive without breathing.
You are immune to petrification.
You are immune to rotting.


Message History

The orc wizard misses you. The adder misses you.
The necrophage barely misses you.
You feel less confused. The adder bites you but does no damage.
The leopard gecko barely misses you. The orc wizard casts a spell at you.
You are confused.
The necrophage barely misses you.
The leopard gecko bites you but does no damage.
The adder misses you.
In your confused state, you trip and fall back down the stairs.
The orc wizard gestures wildly while chanting.
The orc wizard flickers and vanishes!
Deactivating autopickup; reactivate with Ctrl-A.
The necrophage hits you.
You feel terrible. The adder bites you.
The leopard gecko bites you but does no damage.
Something hits you but does no damage. The necrophage hits you.
* * * LOW HITPOINT WARNING * * *
The adder bites you but does no damage. The leopard gecko barely misses you.
In your confused state, you trip and fall back down the stairs.
You die...

*,,****,***,,**,****,*
*****,,* *,* #..*#...#*,#
.....,,****,* #..*#...#*.#
.....,,,,,,,###..##...##.#
#####,,,,,,,,............#
*****,*,*#,,,##.......)..#
,,,,,***,#..,#...........#
,,,,,,*,*#....#.#S#...#***
,****,,**#!....n@loS..# ,*
*,** #.#..#.#{oo..# ,*
*,****,#,...$ol..##
,****,,,,,,..[#.##.###
,,,,,,,,,.......,..#
*****,,**####.#.##.#
*****,,* ###.*#.# ,,,,,,,*
#.*#.# ******,* *,**,*


You could see a necrophage, 2 adders, 4 orcs, a leopard gecko and a frilled
lizard.

Vanquished Creatures
  An adder (D:2)
  2 leopard geckos
  2 giant cockroaches
  A goblin (D:2)
  4 hobgoblins
  A ball python (D:1)
  A bat (D:1)
  2 frilled lizards
  5 kobolds
  A rat (D:1)
20 creatures vanquished.

Notes
Turn   | Place    | Note
-------+----------+-------------------------------------------
     0 | D:1      | Holzbalken the Gargoyle Earth Elementalist began the quest for the Orb.
     0 | D:1      | Reached XP level 1. HP: 10/10 MP: 3/3
   303 | D:1      | Reached skill level 4 in Earth Magic
   303 | D:1      | Reached XP level 2. HP: 15/15 MP: 1/5
   424 | D:1      | Upgraded the game from 0.22-a0-824-g1ca9aab89c to 0.22-a0-833-g8522bf8125
  1025 | D:2      | Reached XP level 3. HP: 15/19 MP: 2/7
  1114 | D:4      | Noticed an ogre
  1114 | D:4      | Noticed a necrophage
  1122 | D:4      | Fell down a flight of stairs

Vault maps used:
D:1:      nagdon_arrival_zigzag_paths
D:2:      uniq_robin
D:3:      first_ration, minmay_misc_feat_roman, grunt_decor_fettered, uniq_ijyb,
          uniq_crazy_yiuf_cottage, uniq_natasha
D:4:      lemuel_castle_with_subvaults, temple_doors_e

Skill      XL: |  1 |
---------------+----+-----
Earth Magic    | 4 |  4.4
Dodging        | |  1.5
Stealth        | |  2.1
Spellcasting   | |  2.7
Transmutations | |  0.7

Action                   || total
-------------------------++-------
Melee: Unarmed           ||    17
       Dagger            ||     2
 Cast: Sandblast         ||    27
  Use: Scroll            ||     8
  Eat: Chunk             ||     1
Armor: Robe              ||    10
       Leather armour    ||    15
Dodge: Dodged            ||    25

Table legend:
 A = Spawn XP
 B = Non-spawn XP
 C = Spawn XP percentage of total XP
 D = Spawn monster count
 E = Non-spawn monster count
 F = Spawn count percentage of total count
 G = Total turns spent on level
                    A         B        C        D         E        F      G
               +---------+---------+-------+---------+---------+-------+---------
         Total |       0 |      45 |   0.0 |       0 |      20 |   0.0 |  1122
               +---------+---------+-------+---------+---------+-------+---------
           D:1 |       0 |      19 |   0.0 |       0 |      12 |   0.0 |   862
           D:2 |       0 |      26 |   0.0 |       0 |       8 |   0.0 |   225
               +---------+---------+-------+---------+---------+-------+---------
